 Dungeon Crawl Stone Soup version 0.16.0-8-gd9ae3a8 (console) character file.

8 gw the Skirmisher (level 2, 0/24 HPs)
             Began as a Demonspawn Fighter on Mar 16, 2015.
             Slain by a goblin (1 damage)
             ... on level 1 of the Dungeon.
             The game lasted 00:00:21 (146 turns).

gw the Skirmisher (Demonspawn Fighter)               Turns: 146, Time: 00:00:21

Health: 0/24       AC:  6    Str: 21    XL:     2   Next: 0%
Magic:  2/2        EV:  7    Int:  9    God:
Gold:   11         SH:  9    Dex: 12    Spells: 0 memorised, 1 level left

rFire  . . .     SeeInvis .     a - +0 long sword
rCold  . . .     Clarity  .     b - +0 scale mail
rNeg   . . .     SustAb   .     c - +0 shield
rPois  .         Gourm    .     (no helmet)
rElec  .         Spirit   .     (no cloak)
rCorr  .         Warding  .     (no gloves)
rMut   .         Stasis   .     (no boots)
MR     .....                    (no amulet)
Stlth  ..........               (no ring)
                                (no ring)

@: mighty, not resistant to hostile enchantments, extremely unstealthy
A: demonic guardian 1
a: no special abilities


You were on level 1 of the Dungeon.
You were not hungry.

You visited 1 branch of the dungeon, and saw 1 of its levels.

You collected 11 gold pieces.

Inventory:

Hand weapons
 a - a +0 long sword (weapon)
Armour
 b - a +0 scale mail (worn)
 c - a +0 shield (worn)
Potions
 f - a potion of heal wounds {unknown}
Comestibles
 d - a bread ration
 g - a meat ration


   Skills:
 + Level 3.0 Fighting
 * Level 2.1 Long Blades
 + Level 0.0 Throwing
 + Level 2.9 Armour
 + Level 2.8 Shields


You had one spell level left.
You didn't know any spells.

Dungeon Overview and Level Annotations

Branches:
Dungeon (1/15)

Altars:


Innate Abilities, Weirdness & Mutations

A weak demonic guardian rushes to your aid.


Message History

The hobgoblin is heavily wounded.
The hobgoblin barely misses you. The goblin barely misses you.
Unknown command.
Unknown command.
Unknown command.
Unknown command.
FLEEEEING!
ATTACKING (0,-1)
You slash the hobgoblin!!
You kill the hobgoblin!
You have reached level 2!
Your demonic ancestry asserts itself...
You feel the presence of a demonic guardian.
The goblin barely misses you.
Unknown command.
Unknown command.
Unknown command.
Unknown command.
MOVING TO (-1,-8)
The goblin hits you.
You die...

.).......(........ .
###.....##......# ...
#.....##..[...## ....#
#......#.......# .....
#....#.#.......#.....#
#....#.#.......#...(.#
#............#.......#
#......#####.#.#.......
#....... #.#6#.....#.
#.....#.# #.#!g.......
#####.#.. #.#########.
#. #. #.# .. .# #.# ..
#.# #.# #.#


You could see a goblin.

Table legend:
 A = Turns spent in this place as a percentage of turns spent in the entire game.
 B = Non-inter-level travel turns spent in this place as a percentage of non-inter-level travel turns spent in the entire game.
 C = Inter-level travel turns spent in this place as a percentage of turns spent in this place.
 D = Turns resting spent in this place as a percentage of non-inter-level travel turns spent in this place.
 E = Turns spent auto-exploring this place as a percentage of non-inter-level travel turns spent in this place.
 F = Non-inter-level travel turns spent in this place divided by the number of levels of this place that you've seen.
                   A       B       C       D       E      F
               +-------+-------+-------+-------+-------+----------------------
         Total | 100.0 | 100.0 |   0.0 |   0.8 |   2.4 | 497.0
       Dungeon | 100.0 | 100.0 |   0.0 |   0.8 |   2.4 | 497.0
               +-------+-------+-------+-------+-------+----------------------

Table legend:
 A = Kills in this place as a percentage of kills in entire the game.
 B = Kills by you in this place as a percentage of kills by you in the entire game.
 C = Kills by friends in this place as a percentage of kills by friends in the entire game.
 D = Other kills in this place as a percentage of other kills in the entire game.
 E = Experience gained in this place as a percentage of experience gained in the entire game.
 F = Experience gained in this place divided by the number of levels of this place that you have seen.
                   A       B       C       D       E      F
               +-------+-------+-------+-------+-------+----------------------
         Total | 100.0 | 100.0 |  -nan |  -nan | 100.0 |  12.0
       Dungeon | 100.0 | 100.0 |  -nan |  -nan | 100.0 |  12.0
               +-------+-------+-------+-------+-------+----------------------

Vanquished Creatures
  3 hobgoblins (D:1)
  A bat (D:1)
  2 goblins (D:1)
  A kobold (D:1)
  A rat (D:1)
8 creatures vanquished.

Notes
Turn   | Place    | Note
--------------------------------------------------------------
     0 | D:1      | gw, the Demonspawn Fighter, began the quest for the Orb.
     0 | D:1      | Reached XP level 1. HP: 18/18 MP: 1/1
   145 | D:1      | Gained mutation: A weak demonic guardian rushes to your aid. [demonic ancestry]
   145 | D:1      | Reached XP level 2. HP: 1/24 MP: 2/2
   146 | D:1      | Slain by a goblin

Action                   || total
-------------------------++-------
Melee: Long sword        ||    29
  Use: Potion            ||     1

Vault maps used:
D:1:      scummos_arrival_simple_crosswalls
